 Dungeon Crawl Stone Soup version 0.31.0-1-g2c135a0 (webtiles) character file.

Game seed: 14736484949494331849

515 PublicAnimeNo1 the Ruffian (level 7, -1/66 HPs)
             Began as a Troll Shapeshifter on Jan 25, 2024.
             Was a Follower of Makhleb.
             Slain by an ogre
             ... wielding a +0 giant club
              (21 damage)
             ... on level 4 of the Dungeon.
             The game lasted 00:06:12 (2955 turns).

PublicAnimeNo1 the Ruffian (Troll Shapeshifter)     Turns: 2955, Time: 00:06:13

Health: -1/66      AC:  4    Str: 25    XL:     7   Next: 0%
Magic:  7/7        EV:  9    Int:  6    God:    Makhleb [*.....]
Gold:   225        SH:  0    Dex:  9    Spells: 6/6 levels left

rFire   . .          .
                       - Unarmed
rCold   + . .        (no shield)
rNeg    . . .        a - +0 animal skin
rPois   .            (helmet currently unavailable)
rElec   .            (cloak currently unavailable)
rCorr   .            (gloves unavailable)
SInv    .            (boots unavailable)
Will    .....        (no amulet)
Stlth   +            m - ring of protection from cold
HPRegen 1.11/turn    (no ring)
MPRegen 0.10/turn

%: no passive effects
@: lethally poisoned (-1 -> -1), beast-form
A: beast (slay +2), large, unfitting armour, claws 3, regeneration 1, shaggy fur
1, tough skin 1
a: Begin Untransformation, Renounce Religion


You were on level 4 of the Dungeon.
You worshipped Makhleb.
Makhleb was aware of your devotion.
You were a hulking beast.
You visited 1 branch of the dungeon, and saw 4 of its levels.

You collected 225 gold pieces.

Inventory:

Armour
 a - a +0 animal skin (worn)
Jewellery
 m - a ring of protection from cold (left claw)
 r - a ring of protection from cold
Talismans
 c - a beast talisman
 d - a flux talisman
Scrolls
 e - a scroll of revelation {unknown}
 f - 2 scrolls of poison
 g - a scroll of enchant armour {unknown}
 h - a scroll of fear {unknown}
 o - a scroll of noise {unknown}
 p - a scroll of blinking {unknown}
 q - a scroll of silence {unknown}
Potions
 b - a potion of mutation {unknown}
 i - 2 potions of curing
 j - a potion of haste {unknown}
 k - 2 potions of brilliance
 n - a potion of berserk rage {unknown}
 s - a potion of enlightenment {unknown}


   Skills:
 + Level 2.8 Fighting
 - Level 1.5 Dodging
 * Level 5.7 Unarmed Combat
 + Level 2.0 Invocations
 + Level 4.3 Shapeshifting


You had 6 spell levels left.
You didn't know any spells.
Your spell library contained the following spells:

 Spells                   Type           Power      Damage    Failure   Level
 Foxfire                  Conj/Fire      0%         2x1d4     45%         1
 Kiss of Death            Conj/Necr      0%         2d5       45%         1
 Necrotise                Necr           0%         1d4       45%         1
 Vampiric Draining        Necr           0%         2d6       83%         3
 Martyr's Knell           Necr/Summ      0%         N/A       99%         4
 Curse of Agony           Necr           0%         N/A       100%        5


Dungeon Overview and Level Annotations

Branches:
Dungeon (4/15)
 Temple: D:4-7

Altars:
Makhleb

Shops:
D:2 (


Innate Abilities, Weirdness & Mutations

You are a hulking beast.
Your limbs bulge with bestial killing power. (Slay +2)
You are too large for most types of armour.
You have claws for hands.
Your natural rate of healing is unusually fast.
You are covered in fur. (AC +1)
You have tough skin. (AC +1)


Message History

The scorpion stings you!
You scratch the scorpion but do no damage.
Your claw misses the scorpion.
You feel sick.
The scorpion stings you but does no damage.
Okay, then.
You barely miss the scorpion.
You feel sick. The scorpion stings you.
You feel better. The scorpion closely misses you.
You scratch the scorpion. Your claw misses the scorpion.
The scorpion is lightly wounded.
The scorpion stings you.
You scratch the scorpion but do no damage.
The scorpion is lightly wounded.
The scorpion stings you.
You are poisoned.
The scorpion poisons you!
You claw the scorpion!
The scorpion is severely wounded.
You feel very sick. The scorpion stings you.
You claw the scorpion!
You kill the scorpion!
Makhleb accepts your kill.
You feel sick.
Your Invocations skill increases to level 2!
You have reached level 7!
You barely miss the ogre.
You feel sick.
The ogre hits you with a +0 giant club!!
You closely miss the ogre. You claw the ogre!
The ogre is moderately wounded.
You feel sick.
Okay, then.
You barely miss the ogre.
The ogre is moderately wounded.
You feel sick. The ogre barely misses you.
Okay, then.
You claw the ogre!
The ogre is almost dead.
You feel sick.
The ogre hits you with a +0 giant club!!
You die...

#...^........#.......
#............#..#....
#............#..#....
#............#..#..##
#............#..#.##<
#............#....#..
#............##.#.#.♣
####O##########.#.#).
#h# #.#.##) #.#
#.#.##. #.# #.#.#..
#.##### #.#...♣
#.....# #.###..
#.##### #.# ##. #.#
#.# ##. #.# #.###..
#.####.# #...#.♣


You could see an ogre.

Vanquished Creatures
  An ogre (D:4)
  A scorpion (D:4)
  A bombardier beetle (D:4)
  2 hounds (D:4)
  A jelly (D:4)
  2 orc priests (D:4)
  A sleepcap (D:4)
  2 gnolls (D:4)
  5 adders
  A dart slug (D:1)
  7 orcs
  10 ball pythons
  8 bats
  5 endoplasms
  6 giant cockroaches
  7 goblins
  9 hobgoblins
  5 jackals
  10 kobolds
  3 quokkas
  3 frilled lizards
  4 rats
94 creatures vanquished.

Notes
Turn   | Place    | Note
-------+----------+-------------------------------------------
     0 | D:1      | PublicAnimeNo1 the Troll Shapeshifter began the quest for
                  | the Orb.
     0 | D:1      | Reached XP level 1. HP: 18/18 MP: 0/0
    75 | D:1      | Reached skill level 1 in Fighting
    86 | D:1      | Reached XP level 2. HP: 27/27 MP: 1/1
   224 | D:1      | Found a faded altar of an unknown god.
   531 | D:1      | Reached XP level 3. HP: 33/33 MP: 2/2
   863 | D:2      | Reached skill level 4 in Unarmed Combat
   935 | D:2      | Reached XP level 4. HP: 34/41 MP: 3/3
   997 | D:2      | Found Hahej's Antique Weapon Boutique.
  1447 | D:3      | Got the Lessons on Harmful Ashes
  1496 | D:3      | Found a burning altar of Makhleb.
  1512 | D:3      | Became a worshipper of Makhleb the Destroyer
  1882 | D:4      | Reached XP level 5. HP: 42/49 MP: 4/4
  1985 | D:4      | Reached skill level 1 in Invocations
  1991 | D:4      | Reached skill level 5 in Unarmed Combat
  2053 | D:4      | Noticed an ogre
  2076 | D:4      | Killed an ogre
  2077 | D:4      | Reached XP level 6. HP: 9/59 MP: 4/6
  2139 | D:4      | Reached * piety under Makhleb
  2952 | D:4      | Reached XP level 7. HP: 48/66 MP: 7/7
  2955 | D:4      | Slain by an ogre

Illustrated notes

Levels and vault maps discovered:
D:1:      sevenhm_arrival_forest_fort_small_4, layout_loops_ring,
          shapermc_ecumenical_altar_mp_urbaneastern, minmay_tetromino_i4
D:2:      layout_loops_cross, serial_shops, nicolae_shop_hallway_stairs
D:3:      layout_basic, bloody_makhleb, amethyst_killhole
D:4:      cheibrodos_pilgrimage, layout_basic, vehumet_statue,
          grunt_ministairs_5, corexii_item_surrounded_by_moat

Skill      XL: |  1  2  3  4  5  6 |
---------------+-------------------+-----
Fighting       | 1 2 |  2.8
Unarmed Combat | 4 5 |  5.7
Invocations    | 1 2 |  2.0
Shapeshifting  | 4 |  4.3
Dodging        | |  1.5

Action                     |  1- 3 |  4- 6 |  7- 9 || total
---------------------------+-------+-------+-------++-------
  Melee: Unarmed           |   102 |   130 |     4 ||   236
         Punch             |       |     4 |     1 ||     5
    Use: Potion            |       |     2 |       ||     2
         Scroll            |       |     3 |       ||     3
   Stab: Sleeping          |     1 |     1 |       ||     2
 Armour: Animal skin       |    63 |    80 |     2 ||   145
         Skin              |       |     2 |       ||     2
  Dodge: Dodged            |    47 |    44 |     1 ||    92
